 Dungeon Crawl Stone Soup version 0.31.0-11-ge490571c62 (webtiles) character file.

Game seed: 235982435614405491

38 Aviak the Firebug (level 3, -1/24 HPs)
             Began as a Demonspawn Fire Elementalist on Jan 26, 2024.
             Slain by a goblin
             ... wielding a +0 dagger
             ... led by Robin
              (5 damage)
             ... on level 2 of the Dungeon.
             The game lasted 00:02:22 (1096 turns).

Aviak the Firebug (Demonspawn Fire Elementalist)    Turns: 1096, Time: 00:02:22

Health: -1/24      AC:  2    Str:  8    XL:     3   Next: 25%
Magic:  2/6        EV: 12    Int: 17    God:
Gold:   16         SH:  0    Dex: 13    Spells: 4/7 levels left

rFire   . . .        c - +0 dagger
rCold   . . .        (no shield)
rNeg    . . .        a - +0 robe
rPois   .            (no helmet)
rElec   .            (no cloak)
rCorr   .            (no gloves)
SInv    .            (no boots)
Will    +....        (no amulet)
Stlth   ++           (no ring)
HPRegen 0.24/turn    (no ring)
MPRegen 0.10/turn

%: no passive effects
@: enlightened, flying
A: weakness stinger 1
a: no special abilities


You were on level 2 of the Dungeon.
You visited 1 branch of the dungeon, and saw 2 of its levels.

You collected 16 gold pieces.

Inventory:

Hand Weapons
 c - a +0 dagger (weapon)
Armour
 a - a +0 robe (worn)
Talismans
 h - a flux talisman
Scrolls
 e - a scroll of butterflies
Potions
 b - a potion of magic


   Skills:
 + Level 2.4 Dodging
 - Level 1.7 Stealth
 + Level 2.5 Spellcasting
 - Level 1.0 Conjurations
 + Level 3.1 Fire Magic


You had 4 spell levels left.
You knew the following spells:

 Your Spells              Type           Power      Damage    Failure   Level
a - Foxfire               Conj/Fire      36%        2x1d5     8%          1
b - Scorch                Fire           24%        2d6       8%          2

Your spell library contained the following spells:

 Spells                   Type           Power      Damage    Failure   Level
 Inner Flame              Hex/Fire       7%         N/A       28%         3
 Volatile Blastmotes      Fire/Tloc      14%        2d11      28%         3
 Flame Wave               Conj/Fire      9%         2d6       61%         4


Dungeon Overview and Level Annotations

Branches:
Dungeon (2/15)

Altars:

Annotations:
D:2 Robin


Innate Abilities, Weirdness & Mutations

You have a small tail.


Message History

A goblin comes into view. It is wielding a +0 club.
Casting: Scorch (safe; 8% risk of failure)
Confirm with . or Enter, or press ? or * to list all spells.
You don't have enough magic to cast this spell.
You hit the hobgoblin.
You kill the hobgoblin!
You barely miss the goblin. The goblin hits you with a +0 dagger.
You hit the goblin but do no damage. The goblin hits you with a +0 dagger.
The goblin attacks as it pursues you! The goblin hits you with a +0 dagger.
Robin throws the goblin at you!
You hit the goblin.
The goblin is moderately wounded.
The goblin barely misses you.
Robin roars a battlecry!
The goblins go into a battle-frenzy!
The goblin hits you with a +0 club.
You hit the goblin but do no damage.
Your tail-slap misses the goblin.
The goblin is moderately wounded.
The goblin hits you with a +0 dagger. The goblin closely misses you.
Your magical contamination has completely faded away.
It was a potion of enlightenment.
You feel very buoyant.
You fly up into the air.
The goblin barely misses you. The goblin hits you with a +0 club.
* * * LOW HITPOINT WARNING * * *
It was a potion of curing.
You feel better. The goblin hits you with a +0 dagger.
* * * LOW HITPOINT WARNING * * *
A goblin comes into view. It is wielding a +0 dagger.
The goblin hits you but does no damage.
As you read the scroll labelled XINLAQ BEOMEE, it crumbles to dust.
It is a scroll of identify.
e - a scroll of butterflies The goblin misses you.
The goblin hits you with a +0 club.
* * * LOW HITPOINT WARNING * * *
Okay, then.
You hit the goblin.
You kill the goblin!
The goblin hits you with a +0 dagger.
You die...

. .. ..# gg
...##g########
..gggggg@)...#
.####g######.# # #.#
## ####.#### ..
#.[.....# #####.#
#.##.##.# #.....#
.###.##.##)###.....#
...................#
.###.##.##.###......


You could see Robin, a hobgoblin (strong) and 6 goblins.

Vanquished Creatures
  A dart slug (D:1)
  4 endoplasms
  A giant cockroach (D:1)
  6 goblins
  3 hobgoblins
  A quokka (D:1)
  4 ball pythons (D:1)
  7 bats
  A frilled lizard (D:1)
  4 kobolds
  2 rats (D:1)
34 creatures vanquished.

Vanquished Creatures (others)
  39 foxfires
39 creatures vanquished.

Grand Total: 73 creatures vanquished

Notes
Turn   | Place    | Note
-------+----------+-------------------------------------------
     0 | D:1      | Aviak the Demonspawn Fire Elementalist began the quest for
                  | the Orb.
     0 | D:1      | Reached XP level 1. HP: 13/13 MP: 3/3
   134 | D:1      | Gained mutation: You have a small tail. [demonic ancestry]
   134 | D:1      | Reached XP level 2. HP: 16/19 MP: 1/5
   137 | D:1      | Learned a level 2 spell: Scorch
   278 | D:1      | Reached skill level 3 in Fire Magic
   629 | D:1      | Reached XP level 3. HP: 19/24 MP: 2/6
  1080 | D:2      | Noticed Robin
  1096 | D:2      | Slain by a goblin

Illustrated notes

Levels and vault maps discovered:
D:1:      mrwooster_arrival_statue_2, layout_basic
D:2:      layout_loops_ring, ebering_ecumenical_altar_hall, uniq_robin

Skill      XL: |  1  2 |
---------------+-------+-----
Dodging        | 2 |  2.4
Fire Magic     | 3 |  3.1
Stealth        | |  1.7
Spellcasting   | |  2.5
Conjurations   | |  1.0

Action                     || total
---------------------------++-------
  Melee: Unarmed           ||    10
         Dagger            ||    59
         Tailslap          ||     5
   Cast: Foxfire           ||    26
         Scorch            ||     2
    Use: Potion            ||     2
         Scroll            ||     1
   Stab: Sleeping          ||     8
 Armour: Robe              ||    44
  Dodge: Dodged            ||    50
